 Dungeon Crawl Stone Soup version 0.29-a0-925-g0a7a3d12f8 (webtiles) character file.

Game seed: 7242024774249451083

20990 manyhoops the Grappler (level 12, 0/97 HPs)
             Began as a Demigod Transmuter on July 28, 2022.
             Killed from afar by a bog body (27 damage)
             ... with a bolt of cold
             ... on level 2 of the Lair of Beasts.
             The game lasted 00:32:10 (18641 turns).

manyhoops the Grappler (Demigod Transmuter)        Turns: 18641, Time: 00:32:10

Health: 0/97       AC: 22    Str: 27    XL:     12   Next: 20%
Magic:  23/23      EV: 14    Int: 29    God:
Gold:   852        SH:  0    Dex: 18    Spells: 9/21 levels left

rFire   x . .      SeeInvis .     - Unarmed
rCold   . . .      Faith    .   (no shield)
rNeg    . . .      Spirit   .   G - +4 ring mail of the Sun {rF- Int+8 Dex+4}
rPois   .          Reflect  .   O - +1 helmet of the Thunderstorm {Rampage rElec Regen+ Stlth-}
rElec   +          Harm     .   E - +2 cloak
rCorr   .          Rampage  +   (no gloves)
Will    +....                   r - +2 pair of boots
Stlth   ..........              (no amulet)
HPRegen 1.06/turn               v - +6 ring of intelligence
MPRegen 0.18/turn               I - +4 ring of protection

@: wereblooded, slowed, very slow
A: high MP 1, forlorn, divine attributes
a: no special abilities


You were on level 2 of the Lair of Beasts.
You visited 2 branches of the dungeon, and saw 12 of its levels.
You also visited: Bailey.

You collected 1099 gold pieces.
You spent 247 gold pieces at shops.

Inventory:

Missiles
 N - 4 throwing nets
Armour
 b - a +2 helmet of intelligence
 r - a +2 pair of boots (worn)
 x - the +1 tower shield of the Moon {*Corrode rN+++ Int+5 Dex-3}
   (You found it on level 4 of the Dungeon)

   Int:       It affects your intelligence (+5).
   Dex:       It affects your dexterity (-3).
   rN:        It renders you almost immune to negative energy.
   *Corrode:  It may corrode you when you take damage.
 E - a +2 cloak (worn)
 G - the +4 ring mail of the Sun (worn) {rF- Int+8 Dex+4}
   (You found it on level 7 of the Dungeon)

   Int:       It affects your intelligence (+8).
   Dex:       It affects your dexterity (+4).
   rF:        It makes you vulnerable to fire.
 O - the +1 helmet of the Thunderstorm (worn) {Rampage rElec Regen+ Stlth-}
   (You acquired it on level 10 of the Dungeon)

   rElec:     It insulates you from electricity.
   Regen:     It increases your rate of health regeneration.
   Rampage:   It bestows one free step when moving towards enemies.
   Stlth:     It makes you less stealthy.
 Q - a +4 chain mail of poison resistance
Magical Staves
 z - a staff of earth
Jewellery
 a - a ring of fire
 j - a ring of fire
 v - a +6 ring of intelligence (left hand)
 C - a ring of willpower
 D - an amulet of guardian spirit
 F - a ring of see invisible
 I - a +4 ring of protection (right hand)
Wands
 e - a wand of digging (6)
 s - a wand of flame (36)
 u - a wand of iceblast (15)
 M - a wand of paralysis (10)
Scrolls
 c - 2 scrolls of enchant weapon
 f - a scroll of blinking
 g - 4 scrolls of teleportation
 h - 2 scrolls of brand weapon
 i - a scroll of vulnerability
 l - 4 scrolls of amnesia
 m - 3 scrolls of fog
 o - a scroll of torment
 y - 2 scrolls of enchant armour
 H - 2 scrolls of immolation
 J - a scroll of identify
Potions
 d - 2 potions of mutation
 k - 2 potions of invisibility
 n - 2 potions of ambrosia
 p - 2 potions of degeneration
 q - a potion of resistance {unknown}
 t - 2 potions of haste
 w - 2 potions of brilliance
 B - 2 potions of flight
 K - 5 potions of cancellation
 L - 2 potions of might
 P - a potion of berserk rage


   Skills:
 - Level 6.3 Fighting
 - Level 5.0 Armour
 + Level 5.4 Dodging
 - Level 14.6 Unarmed Combat
 - Level 5.0 Spellcasting
 - Level 6.9 Transmutations


You had 9 spell levels left.
You knew the following spells:

 Your Spells              Type           Power      Damage    Failure   Level
a - Beastly Appendage     Tmut           94%        N/A       1%          1
b - Wereblood             Tmut           47%        N/A       1%          2
c - Spider Form           Tmut/Pois      27%        N/A       7%          3
d - Ice Form              Ice/Tmut       27%        N/A       22%         4
e - Passwall              Tmut/Erth      22%        N/A       3%          2

Your spell library contained the following spells:

 Spells                   Type           Power      Damage    Failure   Level
 Apportation              Tloc           14%        N/A       9%          1
 Magic Dart               Conj           28%        1d4       9%          1
 Sandblast                Erth           14%        2d6       9%          1
 Ignite Poison            Fire/Tmut/Pois 20%        N/A       11%         3
 Ensorcelled Hibernation  Hex/Ice        14%        N/A       14%         2
 Searing Ray              Conj           14%        2d5       14%         2
 Mephitic Cloud           Conj/Pois/Air  7%         N/A       26%         3
 Stone Arrow              Conj/Erth      14%        3d7       26%         3
 Swiftness                Air            7%         N/A       26%         3
 Alistair's Intoxication  Tmut/Pois      18%        N/A       52%         5
 Corpse Rot               Necr/Pois/Air  7%         N/A       65%         4
 Dispel Undead            Necr           7%         3d8       65%         4
 Fulminant Prism          Conj/Hex       3%         3d6       65%         4
 Freezing Cloud           Conj/Ice/Air   3%         6-21      94%         5
 Death Channel            Necr           3%         N/A       100%        6


Dungeon Overview and Level Annotations

Branches:
Dungeon (10/15)            Temple (0/1) D:6            Lair (2/5) D:8
  Snake (0/4) Lair:2       Bailey (visited)
  Swamp: Lair:2-3    Shoals: Lair:2-3       Orc: D:9-12

Shops:
D:5 (*   D:8 **

Annotations:
Lair:1 2 transporters, Fulomu's ghost, journeyman MiEn


Innate Abilities, Weirdness & Mutations

You have an increased reservoir of magic. (+10% MP)
You shall have no god before yourself.
Your divine heritage dramatically boosts your attributes as you level up.


Message History

You hit the swamp worm.
The swamp worm is heavily wounded.
The swamp worm barely misses you.
The blink frog blinks!
You hit the swamp worm but do no damage.
The swamp worm is heavily wounded.
The swamp worm bites you but does no damage.
You punch the swamp worm!
The swamp worm is severely wounded.
The swamp worm bites you.
A bog body comes into view.
You miss the swamp worm.
The swamp worm is severely wounded.
The swamp worm bites you!
You completely miss the swamp worm.
The swamp worm is severely wounded.
The swamp worm bites you!
You hit the swamp worm but do no damage.
The swamp worm is severely wounded.
The swamp worm bites you but does no damage.
The blink frog hits you but does no damage.
You hit the swamp worm. Your punch misses the swamp worm.
The swamp worm is severely wounded.
The swamp worm bites you. The blink frog barely misses you.
You punch the swamp worm!
You feel a bit better.
You kill the swamp worm!
The blink frog hits you but does no damage.
You punch the blink frog!
The blink frog is moderately wounded.
You howl as the wereblood boils in your veins!
The blink frog blinks!
The blink frog hits you!
The blink frog blinks!
You rampage towards the bog body!
You pummel the bog body!!
The bog body is severely damaged.
The bog body touches you! The bog body freezes you!!
* * * LOW HITPOINT WARNING * * *
The blink frog blinks!
The bog body casts a spell at you.
You feel yourself slow down. The bog body casts a spell at you.
The bolt of cold hits you!!
You die...

.... ....⌠ +....♣♣
.......♣♣♣♣♣♣ ♣
..#...F.....♣♣♣♣♣♣♣♣#..
......P......##........
.##.....n....##....P#..
#....##§##.##........
#...#.##.@###.....##
#................#.#
..........F...........
.......................
§......................
....................
.####....#......#.##
#.#####..>..#.# #.
#........


You could see a bog body and 2 blink frogs.

Vanquished Creatures
  A fire dragon (D:10)
  Harold (D:10)
  A boulder beetle (D:10)
  2 two-headed ogres
  3 death yaks (D:8)
  Urug (D:10)
  2 orc knights
  A faun (shapeshifter) (D:10)
  A manticore (D:10)
  A cane toad (Lair:1)
  A cane toad (shapeshifter) (D:10)
  An unseen horror (D:10)
  A freezing wraith (D:10)
  A tengu conjurer (D:10)
  2 trolls
  A polar bear (Lair:1)
  7 blink frogs
  2 slime creatures (D:10)
  A centaur simulacrum (D:10)
  3 shadows
  A wyvern (D:10)
  2 wraiths (D:10)
  21 yaks
  A steam dragon (D:8)
  A basilisk (Lair:1)
  A swamp worm (Lair:2)
  4 acid dragons (D:10)
  16 orc warriors
  3 water moccasins
  3 ice beasts
  2 ogres
  2 sky beasts
  6 centaurs
  6 bullfrogs
  3 gnoll sergeants
  4 scorpions
  9 killer bees
  A howler monkey (D:10)
  3 electric eels (Lair:1)
  4 jellies
  A quasit (D:6)
  A gnoll bouda (D:4)
  2 hounds
  5 orc priests
  3 iguanas
  9 orc wizards
  8 adders
  19 gnolls
  4 shadow imps (D:6)
  2 white imps (D:6)
  4 ufetubi
  A worm (D:2)
  3 dart slugs
  48 orcs
  8 ball pythons
  2 endoplasms
  3 giant cockroaches
  19 hobgoblins
  5 quokkas
  4 bats
  6 frilled lizards
  12 goblins
  4 kobolds
  7 rats
307 creatures vanquished.

Vanquished Creatures (others)
  10 demonic plants (D:6)
  19 plants
29 creatures vanquished.

Grand Total: 336 creatures vanquished

Notes
Turn   | Place    | Note
-------+----------+-------------------------------------------
     0 | D:1      | manyhoops the Demigod Transmuter began the quest for the
                  | Orb.
     0 | D:1      | Reached XP level 1. HP: 15/15 MP: 5/5
     3 | D:1      | Noticed an electric eel
   212 | D:1      | Reached skill level 3 in Unarmed Combat
   294 | D:1      | Reached XP level 2. HP: 11/22 MP: 5/7
   831 | D:1      | Noticed an electric eel
  1021 | D:2      | Reached skill level 1 in Fighting
  1224 | D:2      | Reached XP level 3. HP: 28/28 MP: 6/8
  1371 | D:2      | Reached skill level 4 in Unarmed Combat
  1855 | D:2      | Noticed a scorpion
  1884 | D:2      | Killed a scorpion
  1885 | D:2      | Reached XP level 4. HP: 32/35 MP: 7/9
  2090 | D:3      | Learned a level 2 spell: Wereblood
  2381 | D:3      | Reached skill level 5 in Unarmed Combat
  2920 | D:4      | Reached XP level 5. HP: 14/41 MP: 8/10
  3258 | D:4      | Noticed an ogre
  3394 | D:4      | Reached skill level 6 in Unarmed Combat
  3582 | D:4      | You fall into a shaft and drop 3 floors!
  3637 | D:7      | Reached XP level 6. HP: 48/48 MP: 9/11
  3693 | D:5      | Entered Level 5 of the Dungeon
  3693 | D:5      | Found Kinkomoe's Elemental Accessories.
  3927 | D:5      | Identified the +1 leather armour of Weightlessness {Will+
                  | Str-2 Dex+7 Stlth-}
  4031 | D:4      | Identified the +1 tower shield of the Moon {*Corrode rN+++
                  | Int+5 Dex-3}
  4342 | D:4      | Learned a level 3 spell: Spider Form
  4556 | D:5      | Noticed a two-headed ogre
  4561 | D:5      | Killed a two-headed ogre
  4562 | D:5      | Reached skill level 5 in Transmutations
  4562 | D:5      | Reached XP level 7. HP: 37/55 MP: 11/16
  4956 | D:5      | Reached XP level 8. HP: 37/61 MP: 17/17
  5255 | D:5      | Found Ydgha's Weapon Emporium.
  6454 | D:6      | Reached skill level 5 in Spellcasting
  6544 | D:6      | Found a staircase to the Ecumenical Temple.
  8459 | D:7      | Reached skill level 7 in Unarmed Combat
  8459 | D:7      | Reached XP level 9. HP: 50/71 MP: 20/20
  8661 | D:7      | Identified the +4 ring mail of the Sun {rF- Int+8 Dex+4}
  9113 | D:8      | Found Jazeti's General Store.
  9117 | D:8      | Found Voopsuaq's Specific Store.
  9169 | D:8      | Learned a level 4 spell: Ice Form
  9177 | D:8      | Bought a potion of haste for 130 gold pieces
  9177 | D:8      | Bought a potion of berserk rage for 65 gold pieces
  9472 | D:8      | Reached skill level 1 in Armour
  9821 | D:8      | Found a staircase to the Lair.
  9823 | D:8      | Noticed a death yak
  9862 | D:9      | Identified a scroll of acquirement
  9863 | D:9      | Acquired a +2 helmet of intelligence
 10538 | D:9      | Found a flagged portal.
 10548 | Bailey   | Entered a bailey
 10605 | Bailey   | Reached skill level 5 in Armour
 11098 | Bailey   | Reached skill level 8 in Unarmed Combat
 11447 | Bailey   | Noticed an orc knight
 11447 | Bailey   | Noticed an orc warlord
 11841 | Bailey   | Killed an orc knight
 11842 | Bailey   | Reached skill level 9 in Unarmed Combat
 11842 | Bailey   | Reached XP level 10. HP: 49/80 MP: 19/21
 12352 | D:8      | Bought a scroll of immolation for 52 gold pieces
 12601 | D:8      | Noticed a death yak
 12629 | D:8      | Learned a level 2 spell: Passwall
 12689 | D:8      | Noticed a death yak
 12696 | D:8      | Reached skill level 5 in Fighting
 12703 | D:8      | Killed a death yak
 12704 | D:8      | Reached skill level 10 in Unarmed Combat
 12706 | D:8      | Killed a death yak
 12709 | D:8      | Killed a death yak
 12710 | D:8      | Reached skill level 11 in Unarmed Combat
 14315 | D:10     | Entered Level 10 of the Dungeon
 14335 | D:10     | Reached XP level 11. HP: 88/88 MP: 17/22
 14351 | D:10     | Reached skill level 12 in Unarmed Combat
 14823 | D:10     | Noticed Urug
 14829 | D:10     | Killed Urug
 15231 | D:10     | Noticed a two-headed ogre
 15241 | D:10     | Killed a two-headed ogre
 15246 | D:10     | Reached skill level 13 in Unarmed Combat
 15708 | D:10     | Noticed a boulder beetle
 15732 | D:10     | Killed a boulder beetle
 15834 | D:10     | Paralysed by an orc wizard for 5 turns
 15909 | D:10     | Noticed an orc knight
 15929 | D:10     | Killed an orc knight
 16481 | D:10     | Noticed Harold
 16503 | D:10     | Killed Harold
 16504 | D:10     | Reached skill level 14 in Unarmed Combat
 16532 | D:10     | Identified the +4 trident of Mycroske {vorpal, Will+ Str+2
                  | Stlth+}
 16558 | D:10     | Acquired the +1 helmet of the Thunderstorm {Rampage rElec
                  | Regen+ Stlth-}
 16823 | D:10     | Noticed a fire dragon
 16994 | D:10     | Killed a fire dragon
 17273 | Lair:1   | Entered Level 1 of the Lair of Beasts
 17454 | Lair:1   | Reached XP level 12. HP: 97/97 MP: 20/23
 18002 | Lair:1   | Found a transporter.
 18003 | Lair:1   | Found a transporter.
 18003 | Lair:1   | Noticed an eight-headed hydra
 18005 | Lair:1   | Noticed Fulomu's ghost (journeyman MiEn)
 18153 | Lair:1   | Reached skill level 5 in Dodging
 18580 | Lair:2   | Found a staircase to the Snake Pit.
 18641 | Lair:2   | Killed from afar by a bog body

Illustrated notes

Levels and vault maps discovered:
D:1:      arrival_aquarium_b, layout_rooms, minmay_misc_feat_x,
          skrybe_limestone_x
D:2:      layout_loops_ring, hellmonk_ecumenical_altar_leap_of_faith,
          basic_altar
D:3:      layout_basic
D:4:      layout_rooms
D:5:      layout_loops_cross, serial_shops, shop, nicolae_elemental_shop,
          corner_web_ring
D:6:      layout_basic, minmay_temple_entry_junction, serial_demonic,
          serial_demonic_a, serial_demonic_d, serial_demonic_f, serial_demonic_e
D:7:      layout_gridville, nemelex_diamond_rough_becter
D:8:      layout_basic, mainiacjoe_overflow_24_doors, dpeg_lair_monsters,
          nicolae_specific_store
D:9:      layout_basic, elyvilon_altar_1, enter_bailey_4
D:10:     minmay_the_grid_4x2 [minmay_the_grid_slots, minmay_the_grid_spikes,
          minmay_the_grid_plusring, minmay_the_grid_zigzag_pyramid,
          minmay_the_grid_dragon_b, minmay_the_grid_garden,
          minmay_the_grid_minigrid_small, minmay_the_grid_prize_trominoes],
          layout_basic, uniq_harold, uniq_urug
Lair:1:   layout_regular_city, nzn_ghost_randoct, serial_bayou_ford_a,
          serial_bayou_shore_a
Lair:2:   layout_regular_city, nicolae_swamp_entry_splash_gauntlet,
          dummy_snake_entry

Skill      XL: |  1  2  3  4  5  6  7  8  9 10 11 12 |
---------------+-------------------------------------+-----
Unarmed Combat | 3 4 5 6 7 9 11 14 | 14.6
Fighting       | 1 2 3 4 5 6 |  6.3
Transmutations | 2 5 6 |  6.9
Spellcasting   | 4 5 |  5.0
Armour         | 5 |  5.0
Dodging        | 2 5 |  5.4

Action                   |  1- 3 |  4- 6 |  7- 9 | 10-12 || total
-------------------------+-------+-------+-------+-------++-------
Melee: Unarmed           |   106 |   140 |   499 |   391 ||  1136
       Kick              |    21 |    26 |    35 |     1 ||    83
       Headbutt          |     8 |    15 |    18 |     2 ||    43
       Punch             |     1 |     3 |    27 |    15 ||    46
 Cast: Beastly Appendage |    15 |    21 |    13 |     2 ||    51
       Wereblood         |       |     2 |    14 |    18 ||    34
       Spider Form       |       |       |     2 |       ||     2
       Ice Form          |       |       |     4 |    17 ||    21
  Use: Scroll            |     6 |     6 |    12 |     6 ||    30
       Potion            |     1 |     3 |     6 |     2 ||    12
 Stab: Sleeping          |     3 |     1 |       |       ||     4
Armor: Robe              |    26 |    23 |       |       ||    49
       Leather armour    |       |     6 |   116 |       ||   122
       Skin              |       |     1 |    33 |    39 ||    73
       Ring mail         |       |       |    68 |    77 ||   145
       Chain mail        |       |       |       |    79 ||    79
Dodge: Dodged            |    56 |    88 |   301 |   136 ||   581

Table legend: (Time is in decaauts)
 A = Elapsed time spent in this place.
 B = Non-inter-level travel time spent in this place.
 C = Inter-level travel time spent in this place.
 D = Time resting spent in this place.
 E = Time spent auto-exploring this place.
 F = Levels seen in this place.
 G = Mean time per level.
                   A        B        C        D        E       F      G
               +--------+--------+--------+--------+--------+-----+--------+
         Total |  18479 |  17981 |    498 |   3279 |  11517 |  13 | 1421.5 |
       Dungeon |  15598 |  15117 |    481 |   2288 |  10353 |  10 | 1559.8 |
          Lair |   1249 |   1232 |     17 |    281 |    657 |   2 |  624.5 |
        Bailey |   1631 |   1631 |      0 |    710 |    507 |   1 | 1631.0 |
               +--------+--------+--------+--------+--------+-----+--------+

Top non-repeatable levels by time:
     D:9: 2308 daAuts
    D:10: 2251 daAuts
     D:6: 2129 daAuts
     D:8: 2038 daAuts
  Bailey: 1631 daAuts
     D:5: 1592 daAuts
     D:4: 1198 daAuts
  Lair:1: 1189 daAuts
     D:7: 1151 daAuts
     D:2: 1137 daAuts
     D:1: 934 daAuts
     D:3: 857 daAuts
  Lair:2: 59 daAuts
